 Dungeon Crawl Stone Soup version 0.31.0-32-g396128a36d (webtiles) character file.

Game seed: 14828204357841816755

823 601d51SH the Cleaver (level 7, -1/96 HPs)
             Began as a Hill Orc Cinder Acolyte on Apr 3, 2024.
             Was a High Priest of Ignis.
             Shot with an arrow by a centaur (4 damage)
             ... on level 5 of the Dungeon.
             The game lasted 00:08:41 (3546 turns).

601d51SH the Cleaver (Hill Orc Cinder Acolyte)      Turns: 3546, Time: 00:08:41

Health: -1/96      AC: 15    Str: 19    XL:     7   Next: 96%
Magic:  8/8        EV:  5    Int: 14    God:    Ignis [*****.]
Gold:   137        SH:  0    Dex:  6    Spells: 8/8 levels left

rFire   + . .        w - +0 hand axe (heavy)
rCold   . . .        (no shield)
rNeg    . . .        k - +0 plate armour
rPois   +            r - +0 helmet
rElec   .            (no cloak)
rCorr   .            (no gloves)
SInv    .            (no boots)
Will    .....        c - amulet of magic regeneration Stlth
                     p - ring of poison resistance
HPRegen 0.36/turn    q - +4 ring of protection
MPRegen 0.51/turn

%: no passive effects
@: berserking, lethally poisoned (-1 -> -2), very quick
A: no striking features
a: Renounce Religion, Fiery Armour, Foxfire Swarm, Rising Flame


You were on level 5 of the Dungeon.
You worshipped Ignis.
Ignis was extremely pleased with you.
You visited 1 branch of the dungeon, and saw 5 of its levels.

You collected 137 gold pieces.

Inventory:

Hand Weapons
 a - a -1 hand axe of flaming
 g - a +0 dagger of venom
 l - a +0 great mace
 v - a +1 dagger of flaming
 w - a +0 heavy hand axe (weapon)
 z - a +1 whip of draining
Armour
 b - a +0 robe
 i - a +0 ring mail
 j - a +1 leather armour of fire resistance
 k - a +0 plate armour (worn)
 r - a +0 helmet (worn)
 x - a +0 leather armour of cold resistance
Jewellery
 c - an amulet of magic regeneration (around neck)
 p - a ring of poison resistance (left hand)
 q - a +4 ring of protection (right hand)
Talismans
 f - a maw talisman
Wands
 D - a wand of flame (14)
Scrolls
 d - 3 scrolls of teleportation {unknown}
 e - a scroll of summoning {unknown}
 h - 3 scrolls of poison {unknown}
 o - 6 scrolls of identify
 s - 2 scrolls of amnesia {unknown}
 y - a scroll of enchant weapon {unknown}
 A - a scroll of revelation {unknown}
 C - a scroll of enchant armour {unknown}
Potions
 m - 2 potions of brilliance
 t - a potion of lignification {unknown}
 u - a potion of curing {unknown}
 B - a potion of magic {unknown}


   Skills:
 + Level 6.9 Fighting
 - Level 10.1 Axes
 - Level 1.0 Spellcasting
 - Level 3.2 Fire Magic


You had 8 spell levels left.
You didn't know any spells.
Your spell library contained the following spells:

 Spells                   Type           Power      Damage    Failure   Level
 Scorch                   Fire           18%        2d5       99%         2
 Ensorcelled Hibernation  Hex/Ice        0%         N/A       100%        2
 Fugue of the Fallen      Necr           0%         N/A       100%        3
 Anguish                  Hex/Necr       0%         N/A       100%        4


Dungeon Overview and Level Annotations

Branches:
Dungeon (5/15)
 Temple: D:4-7

Altars:
Makhleb
Xom


Message History

You slash the scorpion!
The scorpion is heavily wounded.
The scorpion stings you but does no damage.
The centaur shoots an arrow.
The arrow hits you.
You barely miss the scorpion.
The scorpion is heavily wounded.
The scorpion stings you.
The centaur shoots an arrow.
The arrow hits you but does no damage. The scorpion stings you.
The centaur shoots an arrow.
The arrow hits you.
You closely miss the scorpion.
The scorpion is heavily wounded.
The centaur shoots an arrow.
The arrow hits you! The scorpion stings you.
You are poisoned.
The scorpion poisons you!
The centaur shoots an arrow.
The arrow hits you but does no damage.
You completely miss the scorpion.
The scorpion is heavily wounded.
You feel very sick.
The scorpion stings you but does no damage.
The scorpion stings you.
* * * LOW HITPOINT WARNING * * *
You slash the scorpion!
You kill the scorpion!
You feel sick.
The centaur shoots an arrow.
The arrow hits you!
* * * LOW HITPOINT WARNING * * *
The centaur shoots an arrow.
The arrow barely misses you.
* * * LOW HITPOINT WARNING * * *
You feel sick.
You see here the +4 pair of boots "Wiffoo" {Rampage rElec rPois rF-}.
Okay, then.
As you read the scroll labelled AFEZEXZOBI, it crumbles to dust.
It is a scroll of identify.
m - 2 potions of brilliance
* * * LOW HITPOINT WARNING * * *
You feel sick.
The centaur shoots an arrow.
The arrow closely misses you.
It was a potion of berserk rage.
A red film seems to cover your vision as you go berserk!
You feel yourself moving faster!
You feel mighty!
You feel sick.
The centaur shoots an arrow.
The arrow hits you.
You die...

#..## #...####.#
######........# #
#........#######.#
#.................
###..)..............
######.†.......#........#
..†..#.#...†...†........#
####.._.........@........
###.#######.########.#
#.... .c.# # #.##........
#. .####.. # #. # c.. #.
.##. .. . ..


You could see a centaur.

Vanquished Creatures
  The ghost of toela the Digger, an amateur GrEE of Ru (D:4)
  A black bear (D:5)
  The ghost of jimmypageman the Shield-Bearer, an amateur MiFi (D:3)
  A phantom (D:4)
  A bullfrog (D:3)
  A scorpion (D:5)
  A howler monkey (D:5)
  A bombardier beetle (D:4)
  An orc priest (D:4)
  An iguana (D:5)
  3 orc wizards (D:4)
  5 adders
  3 dart slugs
  A ribbon worm (D:2)
  10 orcs
  4 endoplasms
  4 giant cockroaches
  7 goblins
  10 hobgoblins
  2 jackals (D:1)
  3 quokkas
  9 ball pythons
  2 bats (D:1)
  6 frilled lizards
  6 kobolds
  4 rats
89 creatures vanquished.

Notes
Turn   | Place    | Note
-------+----------+-------------------------------------------
     0 | D:1      | 601d51SH the Hill Orc Cinder Acolyte began the quest for
                  | the Orb.
     0 | D:1      | Reached XP level 1. HP: 19/19 MP: 2/2
   136 | D:1      | Reached XP level 2. HP: 22/26 MP: 3/3
   360 | D:1      | Reached skill level 5 in Axes
  1036 | D:2      | Reached XP level 3. HP: 31/31 MP: 4/4
  1256 | D:2      | Reached skill level 6 in Axes
  1335 | D:2      | Reached XP level 4. HP: 22/39 MP: 5/5
  1697 | D:3      | Reached skill level 7 in Axes
  1858 | D:3      | Found a runed translucent gate.
  1860 | D:3      | Found a runed translucent gate.
  1860 | D:3      | Noticed jimmypageman's ghost (amateur MiFi)
  1861 | D:3      | Found a runed translucent gate.
  1872 | D:3      | Noticed a bullfrog
  2132 | D:3      | Reached XP level 5. HP: 45/45 MP: 6/6
  2280 | D:3      | Reached skill level 8 in Axes
  2303 | D:3      | Killed jimmypageman's ghost
  2304 | D:3      | Reached XP level 6. HP: 10/51 MP: 7/7
  2704 | D:3      | Found a burning altar of Makhleb.
  2791 | D:4      | Reached skill level 9 in Axes
  2942 | D:4      | Found a runed translucent gate.
  2942 | D:4      | Found a runed translucent gate.
  2942 | D:4      | Found a runed translucent gate.
  2947 | D:4      | Noticed toela's ghost (amateur GrEE)
  3249 | D:4      | Reached skill level 10 in Axes
  3249 | D:4      | Reached XP level 7. HP: 54/57 MP: 8/8
  3447 | D:4      | Killed toela's ghost
  3448 | D:4      | Reached skill level 5 in Fighting
  3480 | D:5      | Entered Level 5 of the Dungeon
  3481 | D:5      | Found a shimmering altar of Xom.
  3535 | D:5      | Identified the +4 pair of boots "Wiffoo" {Rampage rElec
                  | rPois rF-}
  3544 | D:5      | HP: 3/64 [poisoned by a scorpion]
  3546 | D:5      | Shot with an arrow by a centaur

Illustrated notes

Levels and vault maps discovered:
D:1:      onia_arrival_pyramid, layout_basic
D:2:      layout_rooms, minmay_shallow_snake_nest
D:3:      layout_basic, lightli_temple_of_fire, gammafunk_ghost_split
D:4:      layout_rooms, ebering_ghost_rock_garden, minmay_misc_feat_plants,
          minmay_misc_feat_cross, minmay_misc_feat_hallway, patterned_corridor
D:5:      layout_basic, lemuel_crystal_altar, lemuel_round_altar,
          chequers_temple_overflow_statue_of_worship, serial_aquarium,
          aquarium_bridge_island_small [aquarium_subvault_small_water,
          aquarium_subvault_bridge, aquarium_subvault_window,
          aquarium_subvault_balcony, aquarium_subvault_bridge],
          aquarium_bridge_square [aquarium_subvault_bridge,
          aquarium_subvault_wall, aquarium_subvault_bridge,
          aquarium_subvault_wall], aquarium_window_1, aquarium_window_double,
          aquarium_view_2d, aquarium_balcony_5a, aquarium_pool_1, uniq_edmund

Skill      XL: |  1  2  3  4  5  6  7 |
---------------+----------------------+-----
Axes           | 5 6 7 8 10 | 10.1
Fighting       | 6 |  6.9
Spellcasting   | |  1.0
Fire Magic     | |  3.2

Action                     |  1- 3 |  4- 6 |  7- 9 || total
---------------------------+-------+-------+-------++-------
  Melee: Hand axe          |   115 |   157 |    40 ||   312
         Punch             |       |     1 |     1 ||     2
 Invoke: Fiery Armour      |       |     1 |       ||     1
    Use: Scroll            |       |       |     1 ||     1
         Potion            |       |       |     1 ||     1
 Armour: Robe              |    12 |       |       ||    12
         Leather armour    |    30 |       |       ||    30
         Ring mail         |     7 |       |       ||     7
         Plate armour      |    32 |   165 |    73 ||   270
  Dodge: Dodged            |    63 |    28 |    12 ||   103
